 Dungeon Crawl Stone Soup version 0.27.1-3-gb3d3a73c9e (webtiles) character file.

Game seed: 12854340022509662854

11 belegose the Skirmisher (level 2, -2/24 HPs)
             Began as a Merfolk Abyssal Knight on Oct 22, 2021.
             Was an Initiate of Lugonu.
             Slain by Robin (6 damage)
             ... on level 1 of the Dungeon.
             The game lasted 00:02:24 (1066 turns).

belegose the Skirmisher (Merfolk Abyssal Knight)    Turns: 1066, Time: 00:02:25

Health: -2/24      AC:  3    Str: 12    XL:     2   Next: 29%
Magic:  3/3        EV: 12    Int: 11    God:    Lugonu [......]
Gold:   40         SH:  0    Dex: 13    Spells: 1/1 levels left

rFire    + . .     SeeInvis .   a - +1 falchion
rCold    . . .     Faith    .   (no shield)
rNeg     . . .     Spirit   .   b - +0 leather armour
rPois    .         Reflect  .   (no helmet)
rElec    .         Harm     .   e - scarf {repulsion}
rCorr    .         Rampage  .   (no gloves)
Will     .....                  (no boots)
Stlth    +.........             (no amulet)
HPRegen  0.08/turn              k - ring of protection from fire
MPRegen  0.08/turn              (no ring)

@: repel missiles
A: (nimble swimmer 2), mertail
a: Renounce Religion


You were on level 1 of the Dungeon.
You worshipped Lugonu.
Lugonu was noncommittal.
You visited 1 branch of the dungeon, and saw 2 of its levels.
You visited the Abyss 1 time.

You collected 40 gold pieces.

Inventory:

Hand Weapons
 a - a +1 falchion (weapon)
Missiles
 f - 13 sling bullets
 h - 43 stones
Armour
 b - a +0 leather armour (worn)
 e - a scarf of repulsion (worn)
 g - a +0 ring mail
Jewellery
 k - a ring of protection from fire (left hand)
Scrolls
 i - 2 scrolls of identify {unknown}
Potions
 c - a potion of flight {unknown}
 d - a potion of mutation {unknown}
 j - 2 potions of brilliance {unknown}


   Skills:
 + Level 3.4 Fighting
 + Level 2.4 Long Blades
 - Level 0.6 Armour
 + Level 3.0 Dodging
 + Level 0.8 Stealth
 + Level 2.2 Invocations


You had one spell level left.
You didn't know any spells.
Your spell library contained the following spells:

 Spells                   Type           Power      Damage    Failure   Level
 Blink                    Tloc           N/A        N/A       56%         2
 Lesser Beckoning         Tloc           0%         N/A       80%         3
 Manifold Assault         Tloc           0%         N/A       100%        5


Dungeon Overview and Level Annotations

Branches:
Dungeon (2/15)

Altars:

Annotations:
D:1 1 runed translucent door, exclusion: door, Robin


Innate Abilities, Weirdness & Mutations

((You are quick and stealthy near water. (Stealth+, EV+, Speed+++)))
Your lower body shifts to a powerful aquatic tail in water.


Message History

The goblin hits you but does no damage. Robin throws the goblin at you!
You hit the goblin.
The goblin is severely wounded.
The goblin misses you.
You riposte.
You hit the goblin.
The goblin is heavily wounded.
Robin throws the goblin at you! The goblin barely misses you.
The goblin misses you.
You riposte.
You barely miss the goblin.
The goblin is heavily wounded.
The jackal stops to sniff the ground.
The giant cockroach waves its antennae.
The goblin closely misses you.
You closely miss the goblin.
The goblin is moderately wounded.
The goblin hits you but does no damage.
You completely miss the goblin.
The goblin is moderately wounded.
The goblin hits you with a +0 dagger.
You barely miss the goblin.
The goblin is moderately wounded.
Robin throws the goblin at you! The goblin hits you with a +0 club.
The goblin hits you with a +0 dagger.
You can no longer depart the Abyss at will.
Robin says, "Duck!"
Robin drinks a potion.
Robin flickers and vanishes!
Deactivating autopickup; reactivate with Ctrl-A.
The goblin hits you but does no damage.
The goblin no longer looks unusually strong.
There is a staircase leading out of the dungeon here.
The goblin goes into a battle-frenzy!
Something throws the goblin at you! The goblin closely misses you.
Something hits you.
* * * LOW HITPOINT WARNING * * *
The goblin closely misses you.
You riposte.
You slash the goblin!
You kill the goblin!
Lugonu accepts your kill. Something throws the goblin at you!
* * * LOW HITPOINT WARNING * * *
There is a fountain of clear blue water here.
The goblin no longer looks unusually strong.
The goblin barely misses you. Something hits you.
You die...

#..#.....hh......#....#.##.####
#..#...BhBBrr....#.##.#.##.####
###..#...JBJJBJh.. #.##.#.##.##..
#....#######+#######.##.#.##.##.#
#.#..#.............#.##..........
#.##.+⌠....###....⌠+.#.#..##.....
#.##(#......<......#..###.#####.#
#.##.#..⌠...>.{)⌠g.#.#.#.## #.#
#..#.###+#######@###.##.## #.#
##.#.................##..# #.#
#.###.#.#####.##..#####.# #.# #.#
#...# #.##.## #.# #.# #.# ###.#
#..#.######.# #.. #.# #.#
#..#.....##.# #.. #.#
#.#####..#####.##.# #.. #.#
#........# #.##.# #.. #.#
####.###.# #.##.# #..


You could see 2 endoplasms, a jackal, 3 giant cockroaches, a goblin and a rat.

Vanquished Creatures
  A bat (D:1)
  3 goblins (D:1)
  A hobgoblin (D:1)
  2 jackals (D:1)
  A quokka (D:1)
  A ball python (D:1)
9 creatures vanquished.

Notes
Turn   | Place    | Note
-------+----------+-------------------------------------------
     0 | Abyss:1  | belegose the Merfolk Abyssal Knight began the quest for the
                  | Orb.
     0 | Abyss:1  | Reached XP level 1. HP: 18/18 MP: 2/2
    27 | Abyss:1  | Found a corrupted altar of Lugonu.
   108 | Abyss:1  | Noticed a ynoxinul
   111 | D:1      | Escaped the Abyss
   113 | D:1      | Found a runed translucent door.
   310 | D:1      | Reached * piety under Lugonu
   465 | D:1      | Reached XP level 2. HP: 18/24 MP: 3/3
  1045 | D:2      | Noticed Robin
  1066 | D:1      | Slain by Robin

Illustrated notes

Levels and vault maps discovered:
D:1:      dpeg_arrival_caged_fury, layout_loops_ring
D:2:      layout_basic, minmay_misc_feat_ornament, grunt_ministairs_10,
          minmay_goblin_outpost, uniq_jessica, uniq_robin, uniq_natasha

Skill      XL: |  1  2 |
---------------+-------+-----
Dodging        | 3 |  3.0
Fighting       | |  3.4
Long Blades    | |  2.4
Armour         | |  0.6
Stealth        | |  0.8
Invocations    | |  2.2

Action                   || total
-------------------------++-------
Melee: Falchion          ||    30
Invok: Depart the Abyss  ||     1
Armor: Leather armour    ||    15
Dodge: Dodged            ||    31
       Rpst.: Falchion   ||     9
